 Dungeon Crawl Stone Soup version 0.17-a0-1181-gabc46e6 (webtiles) character file.

184 ewhitman the Chopper (level 5, 0/45 HPs)
             Began as a Minotaur Fighter on May 31, 2015.
             Slain by mumblz's ghost (3 damage)
             ... on level 3 of the Dungeon.
             The game lasted 00:05:10 (1524 turns).

ewhitman the Chopper (Minotaur Fighter)             Turns: 1524, Time: 00:05:12

Health: 0/45       AC:  6    Str: 22    XL:     5   Next: 36%
Magic:  4/4        EV: 10    Int:  5    God:
Gold:   191        SH:  0    Dex:  9    Spells: 0 memorised, 4 levels left

rFire  . . .     SeeInvis .     i - +2 hand axe (venom)
rCold  . . .     Clarity  .     b - +0 scale mail
rNeg   . . .     SustAt   .     (no shield)
rPois  .         Gourm    .     (helmet restricted)
rElec  .         Spirit   .     (no cloak)
rCorr  .         Warding  .     (no gloves)
rMut   .         Stasis   .     (no boots)
MR     .....                    (no amulet)
Stlth  ..........               (no ring)
                                (no ring)

@: not resistant to hostile enchantments, extremely unstealthy
A: retaliatory headbutt, horns 2
a: no special abilities


You were on level 3 of the Dungeon.
You were not hungry.

You visited 1 branch of the dungeon, and saw 3 of its levels.

You collected 191 gold pieces.

Inventory:

Hand weapons
 i - a +2 hand axe of venom (weapon)
Armour
 b - a +0 scale mail (worn)
 c - a +0 shield
 q - a +0 buckler
Jewellery
 r - a cursed amulet of inaccuracy {unknown}
Scrolls
 f - 2 scrolls of teleportation {unknown}
 g - a scroll of recharging {unknown}
 h - a scroll of random uselessness {unknown}
 j - 3 scrolls of identify {unknown}
 k - a scroll of magic mapping {unknown}
 m - a scroll of immolation {unknown}
 n - a scroll of enchant weapon {unknown}
 o - 2 scrolls of blinking {unknown}
 u - 2 scrolls of amnesia {unknown}
Potions
 d - a potion of might
 l - a potion of heal wounds {unknown}
 t - 2 potions of cancellation {unknown}
Comestibles
 a - a slice of pizza
 e - a bread ration
 s - a meat ration


   Skills:
 - Level 3.6 Fighting
 + Level 6.0 Axes
 - Level 3.6 Armour
 - Level 2.1 Dodging
 - Level 1.0 Stealth
 - Level 3.6 Shields


You had 4 spell levels left.
You didn't know any spells.

Dungeon Overview and Level Annotations

Branches:
Dungeon (3/15)

Altars:

Annotations:
D:3 Terence; mumblz's ghost, average MiFi


Innate Abilities, Weirdness & Mutations

You reflexively headbutt those who attack you in melee.
You have a pair of horns on your head.


Message History

Mumblz's ghost hits you! Mumblz's ghost burns you.
* * * LOW HITPOINT WARNING * * *
You are too injured to fight recklessly!
You are too injured to fight recklessly!
You are too injured to fight recklessly!
You are too injured to fight recklessly!
You are too injured to fight recklessly!
You hit mumblz's ghost but do no damage.
Mumblz's ghost is severely damaged.
Mumblz's ghost hits you.
* * * LOW HITPOINT WARNING * * *
Mumblz's ghost burns you.
* * * LOW HITPOINT WARNING * * *
You hit mumblz's ghost.
You headbutt mumblz's ghost, but do no damage.
Mumblz's ghost is almost destroyed.
Mumblz's ghost hits you!
* * * LOW HITPOINT WARNING * * *
Mumblz's ghost burns you.
You die...

#.. # ... .. ..
... .. ..##. .
..K .#.
....##W#### ...
#......@†.# ....
.....####.######
...# ...
#...<).## .... .
######..# #..#
##.##...# #....#
#..#.# ........#
.......##..#


You could see mumblz's ghost and a kobold.

Vanquished Creatures
  An orc priest (D:3)
  An orc wizard (D:3)
  8 adders
  An ooze (D:1)
  A worm (D:2)
  2 orcs (D:3)
  3 giant cockroaches
  6 goblins
  5 hobgoblins
  3 jackals
  4 kobolds
  A ball python (D:2)
  6 bats
  6 rats
48 creatures vanquished.

Notes
Turn   | Place    | Note
--------------------------------------------------------------
     0 | D:1      | ewhitman the Minotaur Fighter began the quest for the Orb.
     0 | D:1      | Reached XP level 1. HP: 19/19 MP: 0/0
   163 | D:1      | Reached XP level 2. HP: 26/26 MP: 1/1
   656 | D:2      | Reached skill level 4 in Axes
   656 | D:2      | Reached XP level 3. HP: 31/31 MP: 2/2
   832 | D:2      | Reached skill level 1 in Dodging
   968 | D:2      | Reached XP level 4. HP: 33/39 MP: 3/3
   983 | D:2      | Reached skill level 5 in Axes
  1192 | D:2      | Reached skill level 1 in Stealth
  1332 | D:3      | Reached XP level 5. HP: 24/45 MP: 4/4
  1503 | D:3      | Noticed mumblz's ghost (average MiFi)
  1505 | D:3      | Noticed Terence
  1505 | D:3      | Reached skill level 6 in Axes
  1524 | D:3      | Slain by mumblz's ghost

Vault maps used:
D:1:      dpeg_arrival_signposts, minivault_5
D:3:      nicolae_overflow_crystal_walls, uniq_terence

Action                   |  1- 3 |  4- 6 || total
-------------------------+-------+-------++-------
Melee: Hand axe          |    53 |    56 ||   109
  Eat: Chunk             |       |     2 ||     2
